 Dungeon Crawl Stone Soup version 0.30.1-4-g462c640d31 (webtiles) character file.

Game seed: 12532741166322262182

163 Arctor the Digger (level 5, 0/28 HPs)
             Began as a Gargoyle Earth Elementalist on Sept 18, 2023.
             Killed from afar by an orc wizard (8 damage)
             ... with a magic dart
             ... on level 3 of the Dungeon.
             The game lasted 00:02:36 (2212 turns).

Arctor the Digger (Gargoyle Earth Elementalist)     Turns: 2212, Time: 00:02:37

Health: 0/28       AC:  6    Str: 12    XL:     5   Next: 44%
Magic:  9/9        EV: 12    Int: 17    God:
Gold:   106        SH:  0    Dex: 10    Spells: 6/9 levels left

rFire   + . .        (no weapon)
rCold   . . .        (no shield)
rNeg    + . .        a - +0 robe
rPois   ∞            (no helmet)
rElec   +            (no cloak)
rCorr   .            (no gloves)
SInv    .            (no boots)
Will    .....        (no amulet)
Stlth   +            d - ring of protection from fire
HPRegen 0.24/turn    (no ring)
MPRegen 0.11/turn

%: no passive effects
@: confused, ambrosia-drunk
A: sickness immunity, AC +4, negative energy resistance 1, electricity
resistance, torment resistance 1, petrification resistance
a: no special abilities


You were on level 3 of the Dungeon.
You visited 1 branch of the dungeon, and saw 3 of its levels.

You collected 106 gold pieces.

Inventory:

Armour
 a - a +0 robe (worn)
Jewellery
 d - a ring of protection from fire (left hand)
 h - an amulet of magic regeneration
Scrolls
 e - a scroll of blinking {unknown}
 g - 2 scrolls of magic mapping {unknown}
 i - a scroll of fear {unknown}
 j - a scroll of enchant armour {unknown}
 m - a scroll of identify {unknown}
 n - a scroll of vulnerability {unknown}
 o - 3 scrolls of immolation {unknown}
 p - a scroll of butterflies {unknown}
 r - a scroll of silence {unknown}
 s - a scroll of teleportation {unknown}
 u - a scroll of amnesia {unknown}
Potions
 b - a potion of magic
 f - 2 potions of invisibility {unknown}
 k - a potion of curing {unknown}
 l - a potion of attraction {unknown}
 q - a potion of haste {unknown}
 t - a potion of heal wounds {unknown}


   Skills:
 + Level 2.4 Dodging
 + Level 3.4 Stealth
 + Level 2.8 Spellcasting
 + Level 1.8 Transmutations
 + Level 4.5 Earth Magic


You had 6 spell levels left.
You knew the following spells:

 Your Spells              Type           Power      Damage    Failure   Level
a - Sandblast             Erth           34%        2d9       2%          1
b - Passwall              Tmut/Erth      10%        N/A       7%          2

Your spell library contained the following spells:

 Spells                   Type           Power      Damage    Failure   Level
 Kiss of Death            Conj/Necr      8%         2d6       19%         1
 Stone Arrow              Conj/Erth      20%        3d8       22%         3
 Ignite Poison            Fire/Tmut/Pois 4%         N/A       38%         3
 Petrify                  Tmut/Erth      13%        N/A       43%         4
 Confusing Touch          Hex            2%         N/A       47%         3
 Dispel Undead            Necr           2%         3d7       87%         4
 Freezing Cloud           Conj/Ice/Air   1%         6-21      99%         5
 Cigotuvi's Dreadful Rot  Necr/Pois/Air  Unusable   N/A       N/A         2

Dungeon Overview and Level Annotations

Branches:
Dungeon (3/15)

Altars:

Shops:
D:1 (?[!


Innate Abilities, Weirdness & Mutations

You are immune to sickness and miasma.
Your stone body is resilient. (AC +4)
You are immune to poison.
You resist negative energy. (rN+)
You are resistant to electric shocks. (rElec)
You are resistant to unholy torment.
You are immune to petrification.


Message History

Aiming: Sandblast (safe; 2% risk of failure)
Press: ? - help, Shift-Dir - straight line, f - you That would be overly suicidal.
Okay, then.
Casting: Sandblast (safe; 2% risk of failure)
Confirm with . or Enter, or press ? or * to list all spells.
Aiming: Sandblast (safe; 2% risk of failure)
Press: ? - help, Shift-Dir - straight line The blast of sand hits something.
Something hits you.
Casting: Sandblast (safe; 2% risk of failure)
Confirm with . or Enter, or press ? or * to list all spells.
Aiming: Sandblast (safe; 2% risk of failure)
Press: ? - help, Shift-Dir - straight line Something hits you. x2
* * * LOW HITPOINT WARNING * * *
Unknown command.
You hit something but do no damage.
You hear some strange, mumbled words.
A puff of flame appears from out of thin air!
The puff of flame hits you. You resist.
* * * LOW HITPOINT WARNING * * *
It was a potion of ambrosia.
You are confused.
You feel invigorated.
You hear some strange, mumbled words.
A puff of flame appears from out of thin air!
The puff of flame hits you. You resist.
* * * LOW HITPOINT WARNING * * *
You bump into the rock wall.
Something hits you.
* * * LOW HITPOINT WARNING * * *
You hear some strange, mumbled words.
A magic dart appears from out of thin air!
The magic dart hits you.
* * * LOW HITPOINT WARNING * * *
You're too confused to cast spells.
Sorry, you're not good enough to have a special ability.
Something hits you but does no damage.
A magic dart appears from out of thin air!
The magic dart hits you!
You die...

#.#)########.......
#.#<# ###...#..##.
#.### #........... #.#
#....##.#.## . #.#
#....##.#.## .#####.##
#.#.......## .......#
#.####..#### #..#..#
#.# #..# #
##..#.@#####.####..#
..#......##..........#
......)){.......####+#
.##...#).#.$..........
.........#...##.......
.#..........>.........
......####.###........
....## #... .........
.... ....#.#.#......


There were no monsters in sight!

Vanquished Creatures
  An orc priest (D:3)
  An orc wizard (D:3)
  4 gnolls (D:2)
  An adder (D:2)
  2 worms (D:2)
  2 dart slugs (D:2)
  6 orcs
  4 ball pythons
  A bat (D:1)
  5 endoplasms
  3 giant cockroaches (D:1)
  4 goblins
  3 jackals (D:1)
  A quokka (D:2)
  A frilled lizard (D:1)
  5 kobolds
  3 rats
47 creatures vanquished.

Notes
Turn   | Place    | Note
-------+----------+-------------------------------------------
     0 | D:1      | Arctor the Gargoyle Earth Elementalist began the quest for
                  | the Orb.
     0 | D:1      | Reached XP level 1. HP: 10/10 MP: 3/3
    46 | D:1      | Found Barghuf's Magic Scroll Emporium.
   100 | D:1      | Reached skill level 1 in Transmutations
   100 | D:1      | Reached XP level 2. HP: 14/15 MP: 0/5
   208 | D:1      | Found Vipist's Antique Weapon Boutique.
   366 | D:1      | Found Jyblobam's Distillery.
   408 | D:1      | Found Ynashry's Armour Shop.
   878 | D:2      | Reached XP level 3. HP: 19/19 MP: 2/6
   881 | D:2      | Learned a level 2 spell: Passwall
   946 | D:2      | Reached skill level 4 in Earth Magic
  1135 | D:2      | Reached XP level 4. HP: 13/24 MP: 1/7
  1640 | D:2      | Identified the +3 dagger of Zoaraisi {drain, *Corrode
                  | +Blink Str+2 Int+5}
  2095 | D:3      | Reached XP level 5. HP: 23/28 MP: 5/9
  2207 | D:3      | HP: 1/28 [something/puff of flame (6)]
  2212 | D:3      | Killed from afar by an orc wizard

Illustrated notes

Levels and vault maps discovered:
D:1:      dpeg_arrival_tiny_d, layout_loops_ring, serial_shops,
          nicolae_shop_window_shopping, nicolae_shop_hallway_plus, shop,
          nicolae_square_shop
D:2:      layout_loops_ring
D:3:      layout_basic, dreamdust_ecumenical_altar_grove,
          minmay_misc_feat_rugged, minmay_misc_feat_x

Skill      XL: |  1  2  3 |
---------------+----------+-----
Transmutations | 1 |  1.8
Earth Magic    | 4 |  4.5
Dodging        | 2 |  2.4
Stealth        | 3 |  3.4
Spellcasting   | |  2.8

Action                     |  1- 3 |  4- 6 || total
---------------------------+-------+-------++-------
  Melee: Unarmed           |    28 |     8 ||    36
   Cast: Sandblast         |    45 |    35 ||    80
    Use: Potion            |       |     1 ||     1
 Armour: Robe              |    16 |    10 ||    26
  Dodge: Dodged            |    48 |    11 ||    59
